 Dungeon Crawl Stone Soup version 0.19-a0-1855-gb7442ac (webtiles) character file.

5 hurricos the Ducker (level 1, 0/11 HPs)
             Began as a Spriggan Abyssal Knight on Oct 11, 2016.
             Was a Follower of Lugonu.
             Killed by divine providence
             ... invoked by a smoke demon
              (11 damage)
             ... on level 1 of the Abyss.
             The game lasted 00:01:42 (558 turns).

hurricos the Ducker (Spriggan Abyssal Knight)        Turns: 558, Time: 00:01:43

Health: 0/11       AC:  2    Str:  8    XL:     1   Next: 66%
Magic:  3/3        EV: 18    Int: 13    God:    Lugonu [*.....]
Gold:   8          SH:  0    Dex: 15    Spells: 0 memorised, 0 levels left

rFire  . . .     SeeInvis +     a - +1 spear
rCold  . . .     Gourm    .     b - +0 robe
rNeg   . . .     Faith    .     (shield restricted)
rPois  .         Spirit   .     (helmet restricted)
rElec  .         Dismiss  .     (no cloak)
rCorr  .         Reflect  .     (gloves unavailable)
MR     .....     Harm     .     (boots unavailable)
Stlth  ++........               (no amulet)
                                (no ring)
                                (no ring)

@: very quick
A: unfitting armour, see invisible, herbivore 3, speed 3, screaming 2, slow
metabolism 2
a: Depart the Abyss, Renounce Religion


You were on level 1 of the Abyss.
You worshipped Lugonu.
Lugonu was aware of your devotion.
You were not hungry.

You visited 0 branches of the dungeon, and saw 0 of its levels.
You visited the Abyss 1 time.

You collected 8 gold pieces.

Inventory:

Hand Weapons
 a - a +1 spear (weapon)
Armour
 b - a +0 robe (worn)
Scrolls
 d - a scroll of fog {unknown}
Comestibles
 c - 2 bread rations


   Skills:
 - Level 2.4 Fighting
 - Level 1.3 Polearms
 - Level 3.5 Dodging
 + Level 2.2 Stealth
 - Level 1.7 Invocations


You couldn't memorise any spells.
You didn't know any spells.

Dungeon Overview and Level Annotations

Branches:
Dungeon (0/15)

Altars:


Innate Abilities, Weirdness & Mutations

You are very small and have problems with some larger weapons.
You are too small for most types of armour.
You have supernaturally acute eyesight. (SInv)
You are a herbivore.
You cover ground extremely quickly.
You need consume almost no food.
[You sometimes yell uncontrollably at your foes.]


Message History

A quasit and a rust devil come into view.
The quasit gives a chilling moan.
Found 8 gold pieces.
You feel your health improve.
Found a bread ration.
c - 2 bread rations (gained 1)
You now have 8 gold pieces.
A wolf spider simulacrum comes into view.
The wolf spider simulacrum moves out of view.
Found 19 stones.
You see here 19 stones.
A shadow comes into view.
The shadow moves out of view.
A profane servitor comes into view. It is wielding an enchanted whip.
A smoke demon comes into view.
The smoke demon roars!
The smoke demon gestures at you. Something smites you!
Ouch! That really hurt!
You die...

#.......# . ..##
#.# .. ...# ... #
.. .# .. #..
###.#.# .# . ..
#.#.#.##.# .#.
#.####.#.A...## ..
#.#..#..#..#..
...#
#.....#.#.#.....##
##@.######.#..#.#
#.## # ...# #
#....# ..#...A
....#..# ... #.##.
#.#..3..# #.. # #.
.. #..# ...# #..
.. # .#. .##.# ###
.. # . # .# . #.


You could see a profane servitor and a smoke demon.

Vanquished Creatures
  An ufetubus (Abyss:1)
1 creature vanquished.

Notes
Turn   | Place    | Note
-------+----------+-------------------------------------------
     0 | Abyss:1  | hurricos the Spriggan Abyssal Knight began the quest for the Orb.
     0 | Abyss:1  | Reached XP level 1. HP: 11/11 MP: 3/3
    44 | Abyss:1  | Noticed a small abomination
    47 | Abyss:1  | Noticed a wretched star
    66 | Abyss:1  | Noticed a reaper
    71 | Abyss:1  | Noticed a small abomination
   119 | Abyss:1  | Noticed an apocalypse crab
   143 | Abyss:1  | Noticed a quasit
   391 | Abyss:1  | Noticed an ancient zyme
   421 | Abyss:1  | Noticed an ancient zyme
   460 | Abyss:1  | Noticed a blizzard demon
   467 | Abyss:1  | Noticed a fire elemental
   470 | Abyss:1  | Noticed a large abomination
   477 | Abyss:1  | Noticed an apocalypse crab
   490 | Abyss:1  | Noticed a rust devil
   490 | Abyss:1  | Noticed a quasit
   517 | Abyss:1  | Noticed a wolf spider simulacrum
   546 | Abyss:1  | Noticed a shadow
   548 | Abyss:1  | Noticed a profane servitor
   556 | Abyss:1  | Noticed a smoke demon
   558 | Abyss:1  | Killed from afar by a smoke demon

Vault maps used:

Skill      XL: |  1 |
---------------+----+-----
Stealth        | 2 |  2.2
Fighting       | |  2.4
Polearms       | |  1.3
Dodging        | |  3.5
Invocations    | |  1.7

Action                   || total
-------------------------++-------
Melee: Spear             ||     7
Dodge: Dodged            ||    15
